 Dungeon Crawl Stone Soup version 0.32-a0-543-gefe97123c3 (webtiles) character file.

Game seed: 3484203039821463961

17224 Conn the Scholar (level 12, -4/66 HPs)
             Began as an Octopode Fire Elementalist on Feb 29, 2024.
             Was an Elder of Sif Muna.
             Slain by Frances
             ... wielding a +0 glaive
              (24 damage)
             ... on level 12 of the Dungeon.
             The game lasted 00:42:12 (14730 turns).

Conn the Scholar (Octopode Fire Elementalist)      Turns: 14730, Time: 00:42:13

Health: -4/66      AC:  1    Str:  8    XL:     12   Next: 45%
Magic:  7/24       EV: 21    Int: 21    God:    Sif Muna [****..]
Gold:   816        SH:  0    Dex: 13    Spells: 4/28 levels left

rFire   + . .        B - +2 short sword (protect)
rCold   x . .        (no shield)
rNeg    . . .        (helmet restricted)
rPois   .            (no amulet)
rElec   .            f - ring of fire
rCorr   .            r - +5 ring of evasion
SInv    .            (no ring)
Will    .....        (no ring)
Stlth   +++++        (no ring)
HPRegen 0.31/turn    (no ring)
MPRegen 0.19/turn    (no ring)
                     (no ring)

%: no passive effects
@: channelling
A: almost no armour, amphibious, 8 rings, camouflage 1, gelatinous body 1,
(nimble swimmer 1), tentacles, no potion heal 1
a: Renounce Religion, Channel Magic, Forget Spell, Divine Exegesis


You were on level 12 of the Dungeon.
You worshipped Sif Muna.
Sif Muna was greatly pleased with you.
You visited 2 branches of the dungeon, and saw 13 of its levels.
You also visited: Sewer.

You collected 816 gold pieces.

Inventory:

Hand Weapons
 h - a +0 dagger
 i - a +2 dagger of venom
 n - a +2 vampiric dagger
 B - a +2 short sword of protection (weapon)
Missiles
 q - 20 poisoned darts
 D - 2 curare-tipped darts
Jewellery
 f - a ring of fire (left tentacle)
 r - a +5 ring of evasion (right tentacle)
 F - the ring "Rungeexech" {Fire rCorr Int-5 Dex+3}
   (You found it on level 8 of the Dungeon)

   [ring of fire]

   Fire:      It enhances your fire magic.
   Int-5:     It affects your intelligence (-5).
   Dex+3:     It affects your dexterity (+3).
   rF+:       It protects you from fire.
   rC-:       It makes you vulnerable to cold.
   rCorr:     It protects you from acid and corrosion.
Wands
 c - a wand of flame (59)
 u - a wand of roots (20)
 C - a wand of mindburst (19)
 G - a wand of light (7)
 I - a wand of paralysis (1)
Scrolls
 d - a scroll of torment
 e - a scroll of enchant armour
 g - a scroll of identify
 j - a scroll of brand weapon
 l - 3 scrolls of amnesia
 p - a scroll of fog
 y - a scroll of noise
 A - 2 scrolls of poison
 E - 2 scrolls of immolation
 H - 4 scrolls of teleportation
Potions
 a - a potion of magic
 b - 2 potions of heal wounds
 k - 3 potions of brilliance
 m - 2 potions of cancellation
 o - a potion of might
 s - 4 potions of enlightenment
 t - 4 potions of curing
 v - 2 potions of attraction
 w - a potion of haste
 x - a potion of lignification {unknown}
 J - a potion of invisibility {unknown}
Miscellaneous
 z - a tin of tremorstones (1/2)


   Skills:
 + Level 7.0 Dodging
 - Level 8.0 Stealth
 * Level 8.6 Spellcasting
 * Level 9.1 Conjurations
 - Level 5.4 Hexes
 + Level 3.0 Translocations
 + Level 7.3 Fire Magic
 + Level 2.1 Ice Magic
 + Level 2.0 Air Magic
 * Level 1.8 Alchemy
 * Level 9.2 Invocations


You had 4 spell levels left.
You knew the following spells:

 Your Spells              Type           Power      Damage    Failure   Level
a - Foxfire               Conj/Fire      100%       2x1d9     1%          1
b - Scorch                Fire           100%       2d9       1%          2
c - Inner Flame           Hex/Fire       52%        N/A       1%          3
d - Flame Wave            Conj/Fire      60%        2d14      2%          4
e - Iskenderun's Mystic   Conj/Tloc      34%        2d8       6%          4
f - Freezing Cloud        Conj/Ice/Air   13%        6-21      32%         5
g - Irradiate             Conj/Alch      16%        3d17      22%         5

Your spell library contained the following spells:

 Spells                   Type           Power      Damage    Failure   Level
 Sting                    Conj/Alch      100%       1d9       1%          1
 Apportation              Tloc           42%        N/A       2%          1
 Volatile Blastmotes      Fire/Tloc      92%        2d17      2%          3
 Cigotuvi's Dreadful Rot  Necr/Alch/Air  28%        N/A       7%          2
 Necrotise                Necr           36%        1d5       8%          1
 Sandblast                Erth           18%        2d7       8%          1
 Summon Small Mammal      Summ           36%        N/A       8%          1
 Ignite Poison            Fire/Alch      42%        N/A       11%         4
 Sublimation of Blood     Necr           9%         N/A       12%         2
 Manifold Assault         Tloc           21%        N/A       22%         4
 Petrify                  Alch/Erth      12%        N/A       45%         4
 Borgnjor's Vile Clutch   Necr/Erth      4%         N/A       91%         5
 Shatter                  Erth           4%         3d8*      100%        9


Dungeon Overview and Level Annotations

Branches:
Dungeon (12/15)            Temple (1/1) D:4            Lair (0/5) D:10
  Sewer (visited)
    Orc: D:9-12

Altars:
Ashenzari
Cheibriados
Dithmenos
Elyvilon
Fedhas
Gozag
Hepliaklqana
Kikubaaqudgha
Makhleb
Nemelex Xobeh
Okawaru
Qazlal
Ru
Sif Muna
Trog
Uskayaw
Vehumet
Wu Jian
Xom
Yredelemnul
Zin
The Shining One

Shops:
D:1 :   D:6 *   D:7 (   D:10 :

Annotations:
D:12 Frances


Innate Abilities, Weirdness & Mutations

You cannot wear most types of armour.
You are amphibious.
You can wear up to eight rings at the same time.
Your skin changes colour to match your surroundings (Stealth+).
Your rubbery body absorbs attacks. (AC +1, EV +1)
((You are camouflaged when in or above water. (Stealth+)))
You have tentacles for arms and can constrict up to eight enemies at once.
Potions are less effective at restoring your health.


Message History

The mystic blast hits the gargoyle but does no damage.
The gargoyle is heavily damaged.
The gargoyle barely misses you.
A kobold demonologist comes into view. It is wielding a +0 dagger.
Unknown command.
Unknown command.
Casting: Iskenderun's Mystic Blast (dangerous; 6% risk of failure)
Confirm with . or Enter, or press ? or * to list all spells.
Okay, then.
Unknown command.
Unknown command.
Unknown command.
Okay, then.
Unknown command.
Unknown command.
Unknown command.
Okay, then.
Unknown command.
Unknown command.
Press: ? - help, v - describe, . - travel
Here: Frances, wielding a +0 glaive and wearing a +0 ring mail (lightly wounded, fast)
The floor.
Unknown command.
Unknown command.
Unknown command.
Unknown command.
Okay, then.
Casting: Iskenderun's Mystic Blast (dangerous; 6% risk of failure)
Confirm with . or Enter, or press ? or * to list all spells.
Okay, then.
Unknown command.
The dungeon rumbles!
You destroy the gargoyle!
Sif Muna accepts your kill.
Frances is moderately wounded.
The kobold demonologist is severely wounded.
Ka-crash!
You hear a horrible gurgling sound!
You hear a shout! x3
Frances mutters in a terrible tongue.
Frances hits you from afar with a +0 glaive!!
You die...

...... #... ................#.#
..# .........)........# .###..
..................# ......
#.................. ####.#
###............... #
###.K........... #########
#..)............ ##....... #
#####4.............. #........ .
#..@)@.4............
......####.......................
...........<.....................
..<#..#..####....................
......#...# #....##..............
....###..#####.................#.
......#...##.....................
.......#.###.....................
...........#..........#...##.....


You could see Frances (fast), a kobold demonologist, a red devil (summoned) and
a chaos spawn (summoned).

Vanquished Creatures
  Josephine (D:10)
  2 two-headed ogres
  A boulder beetle (D:12)
  Urug (D:10)
  Nergalle (D:11)
  The ghost of fly the Unseen, a novice KoDe of Uskayaw (D:8)
  Maurice (D:8)
  A manticore (D:12)
  A gargoyle (D:12)
  3 kobold demonologists (D:12)
  A komodo dragon (D:10)
  3 unseen horrors (D:11)
  4 trolls
  A hornet (D:9)
  Grinder (D:5)
  The ghost of Zigma the Caller, an amateur OpSu of Beogh (D:4)
  6 wraiths
  15 yaks
  A vampire (D:12)
  Sigmund (D:2)
  A wyvern (D:7)
  A steam dragon (D:8)
  3 vampire mosquitoes (D:11)
  An acid dragon (D:9)
  7 water moccasins
  3 orc warriors
  6 ice beasts
  2 black bears (D:10)
  2 centaurs (D:9)
  6 ogres
  A phantom (D:7)
  5 kobold brigands
  A bullfrog (D:10)
  2 scorpions
  11 wights
  3 killer bees (D:9)
  A howler monkey (D:9)
  4 orc priests
  3 bombardier beetles
  A gnoll bouda (D:5)
  3 hounds
  3 jellies
  A sleepcap (D:4)
  Jessica (D:2)
  7 iguanas
  Ijyb (D:5)
  8 orc wizards
  Natasha (thrice) (D:2)
  Robin (D:2)
  13 adders
  4 gnolls (D:5)
  5 white imps
  A howler monkey simulacrum (D:8)
  2 ufetubi (D:6)
  2 ribbon worms
  5 dart slugs
  36 orcs
  8 ball pythons
  9 endoplasms
  2 giant cockroaches
  18 goblins
  11 hobgoblins
  2 jackals (Sewer)
  8 quokkas
  4 bats
  2 frilled lizards
  29 kobolds
  9 rats
309 creatures vanquished.

Vanquished Creatures (collateral kills)
  A foxfire (D:9)
1 creature vanquished.

Vanquished Creatures (others)
  A human (D:9)
  2 kobold brigands (D:9)
  A bullfrog (D:9)
  A killer bee (D:9)
  2 howler monkeys (D:9)
  An orc wizard (D:9)
  651 foxfires
659 creatures vanquished.

Grand Total: 969 creatures vanquished

Notes
Turn   | Place    | Note
-------+----------+-------------------------------------------
     0 | D:1      | Conn the Octopode Fire Elementalist began the quest for the
                  | Orb.
     0 | D:1      | Reached XP level 1. HP: 11/11 MP: 3/3
   256 | D:1      | Reached XP level 2. HP: 17/17 MP: 0/5
   465 | D:1      | Found Eckallas's Vocational Training.
   883 | D:1      | Reached XP level 3. HP: 21/21 MP: 4/6
   981 | D:2      | Learned a level 2 spell: Scorch
  1092 | D:2      | Noticed Robin
  1096 | D:2      | Killed Robin
  1140 | D:2      | Noticed Natasha
  1201 | D:2      | Killed Natasha
  1202 | D:2      | Reached XP level 4. HP: 18/27 MP: 2/7
  1312 | D:2      | Noticed Sigmund
  1319 | D:2      | Killed Sigmund
  1320 | D:2      | Reached XP level 5. HP: 31/31 MP: 0/9
  1320 | D:2      | Reached XP level 6. HP: 36/36 MP: 0/10
  1324 | D:2      | Found an ornate altar of the Wu Jian Council.
  1424 | D:2      | Noticed Jessica
  1429 | D:2      | Killed Jessica
  1651 | D:2      | Learned a level 3 spell: Inner Flame
  1656 | D:2      | Learned a level 4 spell: Flame Wave
  1844 | D:2      | Noticed Natasha
  1849 | D:2      | Killed Natasha
  2047 | D:2      | Noticed Natasha
  2051 | D:2      | Killed Natasha
  3049 | D:4      | Found a glowing silver altar of Zin.
  3057 | D:4      | Found a staircase to the Ecumenical Temple.
  3067 | Temple   | Entered the Ecumenical Temple
  3077 | Temple   | Became a worshipper of Sif Muna the Loreminder
  3180 | D:4      | Found a glowing drain.
  3182 | D:4      | Reached skill level 5 in Stealth
  3185 | Sewer    | Entered a sewer
  3273 | Sewer    | Reached XP level 7. HP: 41/41 MP: 4/12
  3278 | Sewer    | Reached skill level 1 in Hexes
  3278 | Sewer    | Reached skill level 1 in Invocations
  3383 | Sewer    | Found a white marble altar of Elyvilon.
  3520 | D:4      | Reached * piety under Sif Muna
  3647 | D:4      | Found a runed translucent gate.
  3647 | D:4      | Found a runed translucent gate.
  3647 | D:4      | Found a runed translucent gate.
  3654 | D:4      | Noticed Zigma's ghost (amateur OpSu)
  4144 | D:4      | Found a white marble altar of Elyvilon.
  4446 | D:4      | Killed Zigma's ghost
  4447 | D:4      | Reached XP level 8. HP: 39/46 MP: 7/14
  4587 | D:5      | Entered Level 5 of the Dungeon
  4788 | D:5      | Noticed Ijyb
  4794 | D:5      | Killed Ijyb
  5327 | D:5      | Found a broken altar of Ashenzari.
  5395 | D:5      | Noticed Grinder
  5404 | D:5      | Killed Grinder
  5404 | D:5      | Reached ** piety under Sif Muna
  5490 | D:5      | Reached skill level 5 in Fire Magic
  5490 | D:5      | Reached XP level 9. HP: 51/51 MP: 16/16
  5621 | D:5      | Reached skill level 5 in Spellcasting
  5621 | D:5      | Reached skill level 5 in Conjurations
  5743 | D:6      | Found a radiant altar of Vehumet.
  6151 | D:6      | You fall into a shaft and drop 1 floor!
  6353 | D:7      | Found a transporter.
  6355 | D:7      | Found Saysche's Weapon Boutique.
  6720 | D:6      | Reached skill level 5 in Invocations
  6832 | D:6      | Found a basalt altar of Yredelemnul.
  7096 | D:6      | Found Tiritakh's Neck Hole.
  7254 | D:7      | Found a transporter.
  7556 | D:8      | Noticed Maurice
  7838 | D:8      | Killed Maurice
  7839 | D:8      | Reached skill level 5 in Dodging
  7839 | D:8      | Reached XP level 10. HP: 56/56 MP: 6/19
  7934 | D:8      | Found a runed translucent gate.
  7934 | D:8      | Found a runed translucent gate.
  7934 | D:8      | Found a runed translucent gate.
  8083 | D:8      | Noticed fly's ghost (novice KoDe)
  8121 | D:8      | Killed fly's ghost
  8121 | D:8      | Reached *** piety under Sif Muna
  8246 | D:8      | Got the ring "Rungeexech" {Fire rCorr Int-5 Dex+3}
  8249 | D:8      | Got the Commentary on the Mesa and Unspeakable Secrets
  8596 | D:8      | Got the Cyclopedia of Relocation
  8603 | D:8      | Learned a level 4 spell: Iskenderun's Mystic Blast
  8852 | D:9      | Noticed a two-headed ogre
  8859 | D:9      | Killed a two-headed ogre
  9035 | D:9      | HP: 1/54 [wight/+1 flail (11)]
  9251 | D:9      | Found a sparkling altar of Nemelex Xobeh.
  9361 | D:9      | Found an ancient bone altar of Kikubaaqudgha.
  9868 | D:9      | Found a bloodstained altar of Trog.
 10004 | D:9      | Found a shimmering altar of Xom.
 10492 | D:9      | Reached XP level 11. HP: 56/61 MP: 12/21
 10684 | D:10     | Entered Level 10 of the Dungeon
 10853 | D:10     | Noticed Urug
 10864 | D:10     | Killed Urug
 11008 | D:10     | Found Eriot's Book Boutique.
 11075 | D:10     | Reached skill level 5 in Hexes
 11424 | D:10     | Reached skill level 1 in Translocations
 11468 | D:10     | Noticed Josephine
 11474 | D:10     | Killed Josephine
 11895 | D:9      | HP: 2/61 [yak (11)]
 12094 | D:10     | Reached **** piety under Sif Muna
 12172 | D:10     | Found a staircase to the Lair.
 12655 | D:10     | Learned a level 5 spell: Freezing Cloud
 12691 | D:11     | Gained mutation: You are dopey. (Int -2) [potion of
                  | mutation]
 12692 | D:11     | Lost mutation: You are dopey. (Int -2) [potion of mutation]
 12692 | D:11     | Gained mutation: Your spells are a little easier to cast,
                  | but a little less powerful. [potion of mutation]
 12692 | D:11     | Gained mutation: You passively dampen the noise of your
                  | surroundings. [potion of mutation]
 12693 | D:11     | Lost mutation: You passively dampen the noise of your
                  | surroundings. [potion of mutation]
 12693 | D:11     | Lost mutation: Your spells are a little easier to cast, but
                  | a little less powerful. [potion of mutation]
 12693 | D:11     | Gained mutation: Potions are less effective at restoring
                  | your health. [potion of mutation]
 13216 | D:11     | Reached skill level 1 in Ice Magic
 13216 | D:11     | Reached skill level 1 in Air Magic
 13218 | D:11     | Reached XP level 12. HP: 42/66 MP: 10/24
 13555 | D:11     | Noticed Nergalle
 13714 | D:11     | Killed Nergalle
 13844 | D:11     | Noticed a two-headed ogre
 13850 | D:11     | Killed a two-headed ogre
 14225 | D:11     | Learned a level 5 spell: Irradiate
 14426 | D:12     | Noticed a boulder beetle
 14468 | D:12     | Killed a boulder beetle
 14469 | D:12     | Reached skill level 1 in Alchemy
 14711 | D:12     | Noticed Frances
 14730 | D:12     | Slain by Frances

Illustrated notes

Levels and vault maps discovered:
D:1:      eino_arrival_water_cross, layout_basic, nicolae_shop_vocational
D:2:      layout_basic, basic_altar, grunt_ministairs_13, uniq_robin,
          uniq_natasha, uniq_jessica, uniq_sigmund
D:3:      layout_loops_ring
D:4:      layout_basic, nicolae_overflow_crystal_walls,
          mainiacjoe_overflow_brackets, minmay_temple_entry_mini_moons,
          gup_sewer_entry_spiral, ebering_ghost_rock_garden, chequers_jeans,
          serial_bayou_pond_d
D:5:      layout_gridville, ashenzari_conservatory_becter, uniq_ijyb,
          uniq_grinder
D:6:      layout_rooms, lemuel_tele_altar, fiery_altar_vehumet,
          nicolae_shop_sticking_my_neck_out
D:7:      layout_loops_ring, serial_shops, nicolae_shop_drivethru
D:8:      layout_basic, gammafunk_ghost_icy, uniq_maurice
D:9:      layout_basic, trog_book, mainiacjoe_overflow_chevrons,
          tgw_kikubaaqudgha, xom_confusion_cloud
D:10:     layout_basic, due_lair_maze_entry_diamond, serial_shops, shop,
          uniq_josephine, uniq_urug
D:11:     layout_long_grid, uniq_nergalle
D:12:     layout_cave_pools, david_orc_3, uniq_frances
Temple:   compressed_dpeg_triangle_lava_temple

Skill      XL: |  1  2  3  4  5  6  7  8  9 10 11 12 |
---------------+-------------------------------------+-----
Stealth        | 3 4 5 6 7 8 |  8.0
Conjurations   | 2 3 4 6 7 8 9 |  9.1
Dodging        | 3 4 5 6 7 |  7.0
Spellcasting   | 3 4 6 7 8 |  8.6
Fire Magic     | 4 5 6 7 |  7.3
Hexes          | 1 2 3 4 5 |  5.4
Invocations    | 2 4 5 7 8 9 |  9.2
Translocations | 2 3 |  3.0
Ice Magic      | 1 2 |  2.1
Air Magic      | 1 2 |  2.0
Alchemy        | 1 |  1.8

Action                     |  1- 3 |  4- 6 |  7- 9 | 10-12 || total
---------------------------+-------+-------+-------+-------++-------
  Melee: Unarmed           |     5 |       |       |       ||     5
         Constrict         |     5 |    13 |    13 |     9 ||    40
         Dagger            |    13 |    50 |    62 |       ||   125
         Tentacles         |     1 |     4 |    16 |    13 ||    34
         Short sword       |       |       |     4 |    45 ||    49
   Cast: Foxfire           |    47 |    70 |   119 |   138 ||   374
         Scorch            |     5 |     2 |    39 |   102 ||   148
         Flame Wave        |       |       |     5 |    27 ||    32
         Inner Flame       |       |       |     1 |    29 ||    30
         Iskenderun's Myst |       |       |       |     4 ||     4
         Shatter           |       |       |       |     1 ||     1
 Invoke: Channel Magic     |       |       |       |     3 ||     3
         Divine Exegesis   |       |       |       |     1 ||     1
  Evoke: Wand              |       |       |     1 |     8 ||     9
         Tin of tremorston |       |       |       |     1 ||     1
    Use: Scroll            |       |       |    10 |    12 ||    22
         Potion            |       |       |       |     6 ||     6
   Stab: Sleeping          |     1 |    13 |    20 |     2 ||    36
         Paralysed         |       |       |       |     6 ||     6
 Armour: Skin              |     6 |    25 |    31 |   107 ||   169
  Dodge: Dodged            |    12 |    18 |    74 |   146 ||   250

Table legend: (Time is in decaauts)
 A = Elapsed time spent in this place.
 B = Non-inter-level travel time spent in this place.
 C = Inter-level travel time spent in this place.
 D = Time resting spent in this place.
 E = Time spent auto-exploring this place.
 F = Levels seen in this place.
 G = Mean time per level.
                   A        B        C        D        E       F      G
               +--------+--------+--------+--------+--------+-----+--------+
         Total |  14750 |  14516 |    234 |   1083 |   9376 |  14 | 1053.6 |
       Dungeon |  14490 |  14256 |    234 |   1083 |   9246 |  12 | 1207.5 |
        Temple |     19 |     19 |      0 |      0 |      0 |   1 |   19.0 |
         Sewer |    240 |    240 |      0 |      0 |    130 |   1 |  240.0 |
               +--------+--------+--------+--------+--------+-----+--------+

Top non-repeatable levels by time:
     D:9: 2291 daAuts
    D:10: 1722 daAuts
    D:11: 1465 daAuts
     D:4: 1315 daAuts
     D:8: 1249 daAuts
     D:5: 1224 daAuts
     D:1: 1061 daAuts
     D:2: 1041 daAuts
     D:7: 937 daAuts
     D:3: 906 daAuts
     D:6: 848 daAuts
    D:12: 425 daAuts
   Sewer: 240 daAuts
  Temple: 19 daAuts
